 Dungeon Crawl Stone Soup version 0.30-a0-374-g95c0257040 (webtiles) character file.

Game seed: 13794019884453904680

53 KennySheep the Shooter (level 3, -1/27 HPs)
             Began as a Demigod Hexslinger on Nov 27, 2022.
             Slain by Terence
             ... wielding a +0 falchion
              (7 damage)
             ... on level 2 of the Dungeon.
             The game lasted 00:02:53 (1282 turns).

KennySheep the Shooter (Demigod Hexslinger)         Turns: 1282, Time: 00:02:53

Health: -1/27      AC:  2    Str: 11    XL:     3   Next: 41%
Magic:  6/6        EV: 12    Int: 15    God:
Gold:   92         SH:  0    Dex: 18    Spells: 3/4 levels left

rFire   . . .      SeeInvis .    a - +1 sling
rCold   . . .      Faith    .    (no shield)
rNeg    . . .      Spirit   .    c - +0 robe
rPois   .          Reflect  .    (no helmet)
rElec   .          Harm     .    (no cloak)
rCorr   .          Rampage  .    (no gloves)
Will    .....                    (no boots)
Stlth   ++........               m - amulet of regeneration
HPRegen 1.04/turn                (no ring)
MPRegen 0.10/turn                (no ring)

@: no status effects
A: high MP 1, forlorn, divine attributes
a: no special abilities


You were on level 2 of the Dungeon.
You visited 1 branch of the dungeon, and saw 2 of its levels.

You collected 92 gold pieces.

Inventory:

Hand Weapons
 a - a +1 sling (weapon)
Armour
 c - a +0 robe (worn)
Jewellery
 m - an amulet of regeneration (around neck)
Scrolls
 b - a scroll of poison
 d - 2 scrolls of fear {unknown}
 e - a scroll of noise {unknown}
 f - 2 scrolls of blinking {unknown}
 g - a scroll of teleportation {unknown}
 k - 2 scrolls of fog {unknown}
Potions
 h - 2 potions of attraction {unknown}
 i - a potion of cancellation {unknown}
 j - a potion of curing {unknown}
 l - a potion of might {unknown}


   Skills:
 - Level 0.8 Fighting
 * Level 3.7 Ranged Weapons
 - Level 1.7 Dodging
 - Level 1.0 Spellcasting
 - Level 2.6 Hexes


You had 3 spell levels left.
You knew the following spells:

 Your Spells              Type           Power      Damage    Failure   Level
a - Slow                  Hex            32%        N/A       9%          1

Your spell library contained the following spells:

 Spells                   Type           Power      Damage    Failure   Level
 Inner Flame              Hex/Fire       4%         N/A       38%         3
 Portal Projectile        Hex/Tloc       8%         N/A       38%         3
 Cause Fear               Hex            4%         N/A       63%         4


Dungeon Overview and Level Annotations

Branches:
Dungeon (2/15)

Annotations:
D:2 Terence


Innate Abilities, Weirdness & Mutations

You have an increased reservoir of magic. (+10% MP)
You shall have no god before yourself.
Your divine heritage dramatically boosts your attributes as you level up.


Message History

Terence hits you with a +0 falchion!
You shoot a sling bullet. The sling bullet hits Terence.
Terence is moderately wounded.
Terence barely misses you.
You shoot a sling bullet. The sling bullet hits Terence.
Terence is moderately wounded.
Terence misses you.
You shoot a sling bullet. The sling bullet hits Terence.
Terence is heavily wounded.
Terence barely misses you.
You shoot a sling bullet.
The sling bullet hits Terence but does no damage.
Terence is heavily wounded.
Terence barely misses you.
You shoot a sling bullet. The sling bullet barely misses Terence.
Terence hits you with a +0 falchion. x2
You shoot a sling bullet.
The sling bullet closely misses Terence.
Terence hits you with a +0 falchion.
You shoot a sling bullet.
The sling bullet hits Terence but does no damage.
Terence is heavily wounded.
Terence says, "Don't bother to defend, it's senseless."
Terence hits you with a +0 falchion.
You shoot a sling bullet.
The sling bullet closely misses Terence.
Terence completely misses you.
You shoot a sling bullet. The sling bullet barely misses Terence.
Terence hits you with a +0 falchion.
You shoot a sling bullet. The sling bullet hits Terence.
Terence is heavily wounded.
Terence hits you with a +0 falchion. x2
You shoot a sling bullet. The sling bullet hits Terence.
Terence is heavily wounded.
Terence hits you with a +0 falchion.
* * * LOW HITPOINT WARNING * * *
You shoot a sling bullet. The sling bullet hits Terence.
Terence is severely wounded.
Terence hits you with a +0 falchion!
You die...

..# # #.# #.
#. ... #$
.#..# .
)#.##.# #
...#.# #.
#...# #
###.##@@##
#.#........#
#.#?###...#.#
... #..## ##
#.###†.#...#
## #.......#
#. #
###.##.#...#
#. #.
#.##.##.## #.
#..###.....#)#
##


You could see Terence.

Vanquished Creatures
  2 dart slugs
  An orc (D:2)
  7 bats
  5 endoplasms
  2 giant cockroaches (D:1)
  7 goblins
  4 hobgoblins (D:1)
  3 kobolds (D:1)
  3 quokkas
  3 ball pythons (D:1)
  A frilled lizard (D:1)
  4 rats
42 creatures vanquished.

Vanquished Creatures (others)
  6 plants
6 creatures vanquished.

Grand Total: 48 creatures vanquished

Notes
Turn   | Place    | Note
-------+----------+-------------------------------------------
     0 | D:1      | KennySheep the Demigod Hexslinger began the quest for the
                  | Orb.
     0 | D:1      | Reached XP level 1. HP: 15/15 MP: 4/4
    21 | D:1      | Reached skill level 2 in Ranged Weapons
   192 | D:1      | Reached XP level 2. HP: 22/22 MP: 5/5
   468 | D:1      | Reached skill level 3 in Ranged Weapons
   939 | D:2      | Reached XP level 3. HP: 27/27 MP: 6/6
  1268 | D:2      | Noticed Terence
  1282 | D:2      | Slain by Terence

Illustrated notes

Levels and vault maps discovered:
D:1:      dpeg_arrival_shelter, layout_basic, minmay_liquid_box,
          serial_bayou_lagoon_a, kennysheep_pointless_box, minivault_24,
          minmay_misc_feat_hallway, chequers_serial_rivers_room_b
D:2:      cheibrodos_old_hovel, layout_loops_ring, minmay_ruptured, uniq_terence

Skill      XL: |  1  2 |
---------------+-------+-----
Ranged Weapons | 2 3 |  3.7
Fighting       | |  0.8
Dodging        | |  1.7
Spellcasting   | |  1.0
Hexes          | |  2.6

Action                   || total
-------------------------++-------
 Fire: Sling             ||   149
Armor: Robe              ||    17
Dodge: Dodged            ||    54

Table legend: (Time is in decaauts)
 A = Elapsed time spent in this place.
 B = Non-inter-level travel time spent in this place.
 C = Inter-level travel time spent in this place.
 D = Time resting spent in this place.
 E = Time spent auto-exploring this place.
 F = Levels seen in this place.
 G = Mean time per level.
                   A        B        C        D        E       F      G
               +--------+--------+--------+--------+--------+-----+--------+
         Total |   1331 |   1308 |     23 |      0 |   1027 |   2 |  665.5 |
       Dungeon |   1331 |   1308 |     23 |      0 |   1027 |   2 |  665.5 |
               +--------+--------+--------+--------+--------+-----+--------+

Top non-repeatable levels by time:
     D:1: 969 daAuts
     D:2: 362 daAuts
